 Dungeon Crawl Stone Soup version 0.20-a0-1089-g3fde505 (webtiles) character file.

167 Kidiri the Magician (level 5, 0/28 HPs)
             Began as a Deep Elf Fire Elementalist on May 2, 2017.
             Slain by an orc
             ... wielding a +0 short sword
              (5 damage)
             ... on level 3 of the Dungeon.
             The game lasted 00:10:38 (3192 turns).

Kidiri the Magician (Deep Elf Fire Elementalist)    Turns: 3192, Time: 00:10:39

Health: 0/28       AC:  4    Str:  5    XL:     5   Next: 23%
Magic:  10/15      EV: 13    Int: 21    God:
Gold:   82         SH:  0    Dex: 15    Spells: 2/15 levels left

rFire    . . .     SeeInvis .   o - +1 dagger (venom)
rCold    . . .     Gourm    .   (no shield)
rNeg     . . .     Faith    .   a - +2 robe
rPois    .         Spirit   .   l - +0 hat
rElec    .         Reflect  .   (no cloak)
rCorr    .         Harm     .   (no gloves)
MR       .....                  (no boots)
Stlth    ++........             (no amulet)
Regen    0.1/turn               (no ring)
MPRegen  0.2/turn               (no ring)

@: no status effects
A: no striking features
a: no special abilities


You were on level 3 of the Dungeon.
You were not hungry.

You visited 1 branch of the dungeon, and saw 3 of its levels.

You collected 82 gold pieces.

Inventory:

Hand Weapons
 d - a +3 dagger
 o - a +1 dagger of venom (weapon)
Armour
 a - a +2 robe (worn)
 l - a +0 hat (worn)
Scrolls
 e - a scroll of enchant armour
 p - a scroll of remove curse
Potions
 f - a potion of berserk rage {unknown}
 g - a potion of might
 h - 3 potions of heal wounds {unknown}
 i - a potion of resistance
 j - a potion of curing {unknown}
 k - a potion of degeneration {unknown}
 m - 2 potions of mutation {unknown}
Books
 b - a book of Flames

   Spells                             Type                      Level
   a - Flame Tongue                   Conjuration/Fire             1
   b - Throw Flame                    Conjuration/Fire             2
   c - Conjure Flame                  Conjuration/Fire             3
   d - Inner Flame                    Hexes/Fire                   3
   e - Sticky Flame                   Conjuration/Fire             4
   f - Fireball                       Conjuration/Fire             5
Comestibles
 c - a bread ration
 n - 2 chunks of flesh


   Skills:
 - Level 2.4 Dodging
 - Level 2.4 Stealth
 * Level 5.8 Spellcasting
 + Level 2.4 Conjurations
 + Level 4.4 Fire Magic


You had 2 spell levels left.
You knew the following spells:

 Your Spells              Type           Power        Failure   Level  Hunger
a - Flame Tongue          Conj/Fire      ###..        2%          1    None
b - Throw Flame           Conj/Fire      ###...       3%          2    None
c - Conjure Flame         Conj/Fire      ###.....     7%          3    ##.....
d - Inner Flame           Hex/Fire       ###.....     12%         3    ##.....
e - Sticky Flame          Conj/Fire      ###.....     24%         4    ####...


Dungeon Overview and Level Annotations

Branches:
Dungeon (3/15)

Altars:
Wu Jian

Annotations:
D:3 Terence


Message History

The flame tongue hits the frilled lizard.
You kill the frilled lizard!
The orc hits you with a short sword.
Casting: Flame Tongue
Confirm with . or Enter, or press ? or * to list all spells.
Aiming: Flame Tongue
Press: ? - help, Shift-Dir - straight line, f - hobgoblin
Aim: a hobgoblin The flame tongue hits the hobgoblin.
You kill the hobgoblin!
The orc hits you with a short sword.
Casting: Flame Tongue
Confirm with . or Enter, or press ? or * to list all spells.
Aiming: Flame Tongue
Press: ? - help, Shift-Dir - straight line, f - orc
Aim: an orc, wielding a mace and wearing a leather armour The flame tongue misses the orc.
The orc hits you with a mace!
* * * LOW HITPOINT WARNING * * *
The orc hits you with a short sword.
You die...

..##....# #...# .......
.#......#'###..# .......
(#......#...'g.####.##....
.#......# #.............
.###....# #...†...#...
(#......# ##..#'##....!
........# #...#%.# ..##
........# #.8.#o.# .#
........####...#@.# #
(.......(...).##o##
......(.......#..#
......#.#'##..#.[#
..##<##.#..#..##'#
.##..##.#..#..#..#
..<.....####..#..#
....###..P....#### #####
#........


You could see 2 orcs.

Vanquished Creatures
  An orc priest (D:2)
  An orc wizard (D:3)
  3 adders
  3 worms
  3 leopard geckos
  7 orcs
  2 giant cockroaches (D:2)
  7 goblins
  8 hobgoblins
  10 kobolds
  9 bats
  3 frilled lizards
  12 rats
69 creatures vanquished.

Notes
Turn   | Place    | Note
-------+----------+-------------------------------------------
     0 | D:1      | Kidiri the Deep Elf Fire Elementalist began the quest for the Orb.
     0 | D:1      | Reached XP level 1. HP: 10/10 MP: 6/6
   428 | D:1      | Reached XP level 2. HP: 13/15 MP: 1/8
   432 | D:1      | Learned a level 2 spell: Throw Flame
   823 | D:2      | Reached skill level 4 in Spellcasting
   937 | D:2      | Reached XP level 3. HP: 19/19 MP: 4/10
   942 | D:2      | Learned a level 3 spell: Conjure Flame
   946 | D:2      | Learned a level 3 spell: Inner Flame
  1364 | D:2      | Found an ornate altar of the Wu Jian Council.
  2048 | D:3      | Reached XP level 4. HP: 24/24 MP: 7/12
  2140 | D:3      | Noticed Terence
  2529 | D:3      | Reached skill level 5 in Spellcasting
  2547 | D:2      | Learned a level 4 spell: Sticky Flame
  2592 | D:3      | Reached XP level 5. HP: 21/28 MP: 5/15
  3192 | D:3      | Slain by an orc

Vault maps used:
D:1:      minmay_arrival_radiant_lines, serial_glass, glass_columns_a,
          glass_columns_a, minmay_hexomino_p4
D:2:      old_standard_altar
D:3:      corexii_shack_village, nrook_mini_vaults, uniq_terence

Skill      XL: |  1  2  3  4 |
---------------+-------------+-----
Spellcasting   | 4 5 |  5.8
Fire Magic     | 4 |  4.4
Conjurations   | 2 |  2.4
Dodging        | |  2.4
Stealth        | |  2.4

Action                   |  1- 3 |  4- 6 || total
-------------------------+-------+-------++-------
Melee: Unarmed           |    18 |       ||    18
       Dagger            |    34 |    23 ||    57
 Cast: Flame Tongue      |    65 |    39 ||   104
       Throw Flame       |       |     3 ||     3
       Sticky Flame      |       |     2 ||     2
  Use: Scroll            |     6 |     1 ||     7
 Stab: Sleeping          |     6 |       ||     6
  Eat: Chunk             |     3 |     3 ||     6
       Fruit             |       |     1 ||     1
Armor: Robe              |    16 |     9 ||    25
Dodge: Dodged            |    57 |    25 ||    82
